 Dungeon Sprint DCSS version 0.19.0-19-g8c6edcc (webtiles) character file.

54 equalderp2856 the Scratcher (level 3, -9/18 HPs)
             Began as a Felid Fighter on Nov 12, 2016.
             Mangled by a troll (11 damage)
             ... in the Dungeon (Sprint IX: "|||||||||||||||||||||||||||||").
             The game lasted 00:00:49 (401 turns).

equalderp2856 the Scratcher (Felid Fighter)          Turns: 401, Time: 00:00:50

Health: -9/18      AC:  1    Str: 13    XL:     3   Next: 66%
Magic:  0/4        EV: 21    Int:  9    God:
Gold:   0          SH:  0    Dex: 15    Spells: 0 memorised, 2 levels left
                                        Lives:  0   Deaths: 0

rFire  . . .     SeeInvis +       - Unarmed
rCold  . . .     Gourm    .     (armour unavailable)
rNeg   . . .     Faith    .     (shield unavailable)
rPois  .         Spirit   .     (helmet unavailable)
rElec  .         Reflect  .     (cloak unavailable)
rCorr  .         Harm     .     (gloves unavailable)
MR     .....     NoTele   +     (boots unavailable)
Stlth  ++........               (no amulet)
                                (no ring)
                                (no ring)

@: quick
A: no armour, no weapons or thrown items, stealth, claws 1, fangs 3, see
invisible, carnivore 3, speed 1, shaggy fur 1, slow metabolism 1, sharp paws
a: no special abilities


You were in the Dungeon.
You were not hungry.

You visited 1 branch

Inventory:

Jewellery
 m - a +3 ring of intelligence
 n - a +3 ring of strength
Wands
 l - a wand of lightning (7/15)
Scrolls
 h - 2 scrolls of blinking
 j - 3 scrolls of remove curse
 k - 2 scrolls of amnesia
Potions
 a - a potion of might
 c - a potion of invisibility
 d - 3 potions of heal wounds
 e - a potion of haste
 f - 4 potions of magic
 g - a potion of berserk rage
 i - 4 potions of curing
Comestibles
 b - a meat ration


   Skills:
 + Level 4.4 Fighting
 + Level 5.7 Dodging
 + Level 6.9 Unarmed Combat


You had 2 spell levels left.
You didn't know any spells.

Dungeon Overview and Level Annotations

Branches:
Dungeon (1/1)

Altars:
Cheibriados
Dithmenos
Elyvilon
Fedhas
Gozag
Hepliaklqana
Kikubaaqudgha
Makhleb
Nemelex Xobeh
Okawaru
Qazlal
Ru
Sif Muna
Trog
Uskayaw
Vehumet
Xom
Yredelemnul
Zin
The Shining One
Beogh
Jiyva
Lugonu


Innate Abilities, Weirdness & Mutations

You cannot wear armour.
You are incapable of wielding weapons or throwing items.
Your paws allow you to move quietly. (Stealth)
You have sharp claws.
You have razor-sharp teeth.
You have supernaturally acute eyesight. (SInv)
You are carnivorous and can eat meat at any time.
You cover ground quickly.
You are covered in fur. (AC +1)
You have a slow metabolism.
Your sharp claws are effective at attacking unaware monsters.


Message History

You see here a +0 naga barding.
You see here a +0 pair of boots.
You see here a +0 plate armour.
As you open the door, it creaks loudly!
An eye of draining, a worker ant, 2 orcs, a centaur and a troll come into view.
The troll shouts!
The orc warrior shouts!
The eye of draining turns its gaze towards you.
The orc shouts!
You barely miss the troll. The troll barely misses you.
The troll closely misses you. x2
The eye of draining gazes at you.
You feel your power leaking away.
You barely miss the troll. The troll barely misses you. The troll claws you!
Ouch! That really hurt!
The troll barely misses you.
You barely miss the troll. Your bite misses the troll. The troll bites you!
* * * LOW HITPOINT WARNING * * *
The troll barely misses you. The troll claws you!
Ouch! That really hurt!
You die... ▓▓▓▓▓▓▓▓▓▓▓▓▓▓▓▓▓▓▓▓▓▓▓▓ ______.'..|)[[[.@ToGaoc. ▓▓▓▓▓▓▓▓▓▓▓▓▓▓▓▓▓▓▓▓▓▓▓▓

You could see an eye of draining, a troll, an orc warrior, a centaur, a worker ant and an orc.

Vanquished Creatures
  A crimson imp (D)
  An adder (D)
  A leopard gecko (D)
  An orc (D)
  A goblin (D)
  A hobgoblin (D)
  A jackal (D)
  A quokka (D)
  2 bats (D)
10 creatures vanquished.

Notes
Turn   | Place    | Note
-------+----------+-------------------------------------------
     0 | D        | equalderp2856 the Felid Fighter began the quest for the Orb.
     0 | D        | Reached XP level 1. HP: 10/10 MP: 2/2
   171 | D        | Noticed a crimson imp
   175 | D        | Reached skill level 5 in Unarmed Combat
   175 | D        | Reached XP level 2. HP: 14/14 MP: 3/3
   183 | D        | Reached skill level 5 in Dodging
   196 | D        | Killed a crimson imp
   196 | D        | Reached skill level 6 in Unarmed Combat
   196 | D        | Reached XP level 3. HP: 9/18 MP: 4/4
   346 | D        | Found a roughly hewn altar of Beogh.
   346 | D        | Found a snail-covered altar of Cheibriados.
   346 | D        | Found a shadowy altar of Dithmenos.
   346 | D        | Found a white marble altar of Elyvilon.
   346 | D        | Found a blossoming altar of Fedhas.
   346 | D        | Found an opulent altar of Gozag.
   347 | D        | Found a hazy altar of Hepliaklqana.
   348 | D        | Found a viscous altar of Jiyva.
   349 | D        | Found an ancient bone altar of Kikubaaqudgha.
   350 | D        | Found a corrupted altar of Lugonu.
   351 | D        | Found a burning altar of Makhleb.
   352 | D        | Found a sparkling altar of Nemelex Xobeh.
   353 | D        | Found an iron altar of Okawaru.
   354 | D        | Found a stormy altar of Qazlal.
   355 | D        | Found a sacrificial altar of Ru.
   356 | D        | Found a deep blue altar of Sif Muna.
   357 | D        | Found a bloodstained altar of Trog.
   358 | D        | Found a hide-covered altar of Uskayaw.
   359 | D        | Found a radiant altar of Vehumet.
   360 | D        | Found a shimmering altar of Xom.
   361 | D        | Found a basalt altar of Yredelemnul.
   362 | D        | Found a glowing silver altar of Zin.
   363 | D        | Found a glowing golden altar of the Shining One.
   398 | D        | Noticed a troll
   398 | D        | Noticed an orc warrior
   398 | D        | Noticed an eye of draining
   398 | D        | Noticed a centaur
   401 | D        | Mangled by a troll

Skill      XL: |  1  2 |
---------------+-------+-----
Unarmed Combat | 5 6 |  6.9
Dodging        | 5 |  5.7
Fighting       | 4 |  4.4

Action                   || total
-------------------------++-------
Melee: Unarmed           ||    38
  Use: Potion            ||     1
Dodge: Dodged            ||    29
